 Dungeon Crawl Stone Soup version 0.21-a0-516-gaaff437 (webtiles) character file.

5699 Aviak the Destroyer (level 10, -1/61 HPs)
             Began as a Tengu Conjurer on Dec 3, 2017.
             Was a Believer of Vehumet.
             Splashed by a brown ugly thing's acid (9 damage)
             ... on level 8 of the Dungeon.
             The game lasted 00:39:09 (12077 turns).

Aviak the Destroyer (Tengu Conjurer)               Turns: 12077, Time: 00:39:10

Health: -1/61      AC:  5    Str:  9    XL:     10   Next: 76%
Magic:  4/19       EV: 16    Int: 19    God:    Vehumet [**....]
Gold:   224        SH:  0    Dex: 14    Spells: 5/20 levels left

rFire    + . .     SeeInvis .   B - +4 dagger (elec)
rCold    . . .     Gourm    .   (no shield)
rNeg     . . .     Faith    .   u - +2 leather armour "Ynefacw" {rF+}
rPois    .         Spirit   .   (helmet restricted)
rElec    .         Reflect  .   D - +2 cloak
rCorr    .         Harm     .   (no gloves)
MR       .....                  (boots unavailable)
Stlth    ++........             (no amulet)
HPRegen  0.20/turn              w - ring of wizardry
MPRegen  0.16/turn              F - +1 ring of protection

@: corroded
A: beak, talons 3, able to fly 1
a: Fly, Renounce Religion


You were on level 8 of the Dungeon.
You worshipped Vehumet.
Vehumet was pleased with you.
You were not hungry.

You visited 2 branches of the dungeon, and saw 9 of its levels.
You also visited: Sewer and Ossuary.

You collected 461 gold pieces.
You spent 237 gold pieces at shops.

Inventory:

Hand Weapons
 t - the +7 Singing Sword
   (You found it on level 5 of the Dungeon)
 A - a +4 dagger
 B - a +4 dagger of electrocution (weapon)
Armour
 a - a +1 robe
 g - the +0 robe of Activism {+Fly rC+ rCorr}
   (You bought it in a shop on level 8 of the Dungeon)

   It protects you from cold.
   It lets you fly.
   It protects you from acid and corrosion.
 s - a scarf of spirit shield
 u - the +2 leather armour "Ynefacw" (worn) {rF+}
   (You found it on level 5 of the Dungeon)

   It protects you from fire.
 D - a +2 cloak (worn)
Jewellery
 r - an uncursed ring of fire
 w - a ring of wizardry (left hand)
 F - a +1 ring of protection (right hand)
Wands
 n - a wand of flame (32)
 C - a wand of scattershot (3)
Scrolls
 i - 2 scrolls of enchant weapon
 m - 12 scrolls of identify
 v - a scroll of amnesia
 x - a scroll of fog
 z - 5 scrolls of teleportation
Potions
 e - a potion of flight
 f - a potion of magic
 j - 3 potions of heal wounds
 k - 2 potions of mutation
 o - 3 potions of curing
 p - a potion of ambrosia
 q - 4 potions of lignification
Books
 b - a book of Conjurations

   Spells                             Type                      Level
   a - Magic Dart                     Conjuration                  1
   b - Searing Ray                    Conjuration                  2
   c - Dazzling Spray                 Conjuration/Hexes            3
   d - Fulminant Prism                Conjuration/Hexes            4
   e - Force Lance                    Conjuration/Translocation    4
   f - Iskenderun's Mystic Blast      Conjuration                  4
Miscellaneous
 y - a lightning rod (4/4)
Comestibles
 c - 4 bread rations
 d - 6 fruits
 h - 5 meat rations
 l - 2 royal jellies
 E - 6 chunks of flesh


   Skills:
 - Level 6.7 Fighting
 - Level 8.5 Dodging
 - Level 2.2 Stealth
 + Level 5.7 Spellcasting
 + Level 12.4 Conjurations
 - Level 4.0 Hexes


You had 5 spell levels left.
You knew the following spells:

 Your Spells              Type           Power        Failure   Level  Hunger
a - Magic Dart            Conj           ####         1%          1    None
b - Searing Ray           Conj           ######       1%          2    None
c - Iskenderun's Mystic   Conj           ######..     1%          4    ####...
d - Fulminant Prism       Conj/Hex       #####.....   2%          4    ####...
e - Force Lance           Conj/Tloc      ####....     4%          4    ####...


Dungeon Overview and Level Annotations

Branches:
Dungeon (8/15)             Temple (1/1) D:6            Lair (0/6) D:8

Altars:
Ashenzari
Cheibriados
Dithmenos
Elyvilon
Fedhas
Gozag
Hepliaklqana
Kikubaaqudgha
Makhleb
Nemelex Xobeh
Okawaru
Qazlal
Ru
Sif Muna
Trog
Uskayaw
Vehumet
Wu Jian
Xom
Yredelemnul
Zin
The Shining One

Shops:
D:4 *   D:6 (   D:8 }[([


Innate Abilities, Weirdness & Mutations

You have a beak for a mouth.
You have claws for feet.
You can fly.


Message History

Things that are here:
a whip; an orc skeleton
Casting: Searing Ray
Confirm with . or Enter, or press ? or * to list all spells.
Aiming: Fulminant Prism
Press: ? - help, Dir - move target cursor, p - brown ugly thing You conjure a prism of explosive energy!
The brown ugly thing claws you but does no damage.
Your fulminant prism crackles loudly.
The brown ugly thing claws you. The acid corrodes you!
You are splashed with acid!
The acid burns!
* * * LOW HITPOINT WARNING * * *
Your fulminant prism explodes!
The blast of energy engulfs the brown ugly thing.
The brown ugly thing is heavily wounded.
You hear an angry buzzing noise.
The brown ugly thing claws you!
* * * LOW HITPOINT WARNING * * *
You are splashed with acid!
The acid burns!
You die...

#....................###).#
#..##.#.#...#######.......######
#.........................)....##
..############################.(.
..# ########..## #.## ).#.#
#.#.#[#.##.# #.#
.##.##.#.#.#.#.##.## #.#
.#...##.#.#.#)##.#.# ##.#
##...##.#.#.#.##@#[## #..#
#..#..##.#.#.##.u#..# ##.##
#.....##.#.#.##..#..## #..#
..#.#..##.#.##.#.#.#.# ##.##
.......##.#.##.#.#.#.## #..#
.#.#.#..##.##..#.#.#..# ##.##
........##.##..#.#[#..# #..#
########.##.##.######### #.##
#....(†...##.##.#$...?#.##.#


You could see a brown ugly thing.

Vanquished Creatures
  A cyclops (D:8)
  A hippogriff (D:7)
  A wyvern (D:8)
  The ghost of 4thArraOfDagon the Firebug, an amateur NaFE (D:4)
  2 ice beasts
  3 phantoms
  A black bear (D:6)
  4 orc warriors
  A sky beast (D:8)
  A necrophage (D:6)
  5 ogres
  3 centaurs
  2 big kobolds (D:8)
  11 bullfrogs
  Blork the orc (D:5)
  4 scorpions
  12 wights
  3 howler monkeys
  4 jellies
  A crimson imp (D:6)
  2 centaur zombies
  7 hounds
  A human zombie (Ossuary)
  3 orc priests
  2 bullfrog skeletons
  2 iguanas
  6 orc wizards
  6 worker ants
  A hound zombie (D:7)
  A mummy (Ossuary)
  14 adders
  6 gnolls
  A shadow imp (D:5)
  2 oozes
  An adder skeleton (D:5)
  4 worms
  4 dart slugs
  9 leopard geckos
  33 orcs
  4 bats
  10 giant cockroaches
  7 goblins
  7 hobgoblins
  12 jackals
  12 kobolds
  5 quokkas
  5 ball pythons
  4 frilled lizards
  2 goblin zombies (Ossuary)
  9 hobgoblin zombies (Ossuary)
  A jackal skeleton (D:4)
  7 kobold zombies (Ossuary)
  2 leopard gecko skeletons
  6 orc zombies (Ossuary)
  10 rats
270 creatures vanquished.

Vanquished Creatures (others)
  28 fulminant prisms
28 creatures vanquished.

Grand Total: 298 creatures vanquished

Notes
Turn   | Place    | Note
-------+----------+-------------------------------------------
     0 | D:1      | Aviak the Tengu Conjurer began the quest for the Orb.
     0 | D:1      | Reached XP level 1. HP: 10/10 MP: 4/4
   180 | D:1      | Reached XP level 2. HP: 15/15 MP: 1/6
   602 | D:1      | Reached XP level 3. HP: 19/19 MP: 7/7
   774 | D:2      | Learned a level 2 spell: Searing Ray
   826 | D:2      | Reached skill level 6 in Conjurations
  1017 | D:2      | Noticed a scorpion
  1055 | D:2      | Killed a scorpion
  1055 | D:2      | Reached XP level 4. HP: 22/24 MP: 8/8
  1440 | D:2      | Gained mutation: You can fly. [Tengu growth]
  1440 | D:2      | Reached XP level 5. HP: 23/28 MP: 9/9
  1628 | D:2      | Reached skill level 7 in Conjurations
  1637 | D:2      | Learned a level 4 spell: Iskenderun's Mystic Blast
  2934 | D:4      | Reached XP level 6. HP: 24/32 MP: 6/11
  3042 | D:4      | Found a sand-covered staircase.
  3047 | Ossuary  | Entered an ossuary
  3276 | Ossuary  | Reached skill level 5 in Dodging
  4143 | D:4      | Found Elievonga's General Store.
  4155 | D:4      | Bought a potion of curing for 42 gold pieces
  4155 | D:4      | Bought a potion of heal wounds for 70 gold pieces
  4235 | D:4      | Noticed 4thArraOfDagon's ghost (amateur NaFE)
  4275 | D:4      | Killed 4thArraOfDagon's ghost
  4275 | D:4      | Reached XP level 7. HP: 36/36 MP: 2/14
  4281 | D:4      | Learned a level 4 spell: Fulminant Prism
  4747 | D:5      | Entered Level 5 of the Dungeon
  4800 | D:5      | Found the +7 Singing Sword
  4804 | D:5      | Noticed Blork the orc
  4859 | D:5      | Got a distressingly furry leather armour
  4870 | D:5      | Identified the +2 leather armour "Ynefacw" {rF+} (You found it on level 5 of the Dungeon)
  4890 | D:5      | Killed Blork the orc
  5012 | D:5      | Reached skill level 1 in Hexes
  6031 | D:5      | Reached XP level 8. HP: 41/41 MP: 10/15
  6527 | D:6      | Found a glowing drain.
  6585 | Sewer    | Entered a sewer
  7138 | D:6      | Found a blossoming altar of Fedhas.
  7460 | D:6      | Reached skill level 1 in Fighting
  7588 | D:6      | Reached XP level 9. HP: 47/47 MP: 7/16
  7827 | D:6      | Found Kigar's Antique Weapon Shoppe.
  7936 | D:6      | Reached skill level 8 in Conjurations
  8213 | D:6      | Found a staircase to the Ecumenical Temple.
  8222 | Temple   | Entered the Ecumenical Temple
  8238 | Temple   | Became a worshipper of Vehumet
  8952 | D:7      | Found a stormy altar of Qazlal.
  9019 | D:7      | Reached skill level 9 in Conjurations
  9819 | D:8      | Found a hazy altar of Hepliaklqana.
  9826 | D:8      | Reached skill level 5 in Fighting
  9840 | D:8      | Reached skill level 10 in Conjurations
  9845 | D:8      | Reached * piety under Vehumet
  9845 | D:8      | Offered knowledge of Flame Tongue by Vehumet.
 10186 | D:8      | Reached XP level 10. HP: 17/60 MP: 0/17
 10402 | D:8      | Found Imashrycw's Antique Armour Emporium.
 10799 | D:8      | Reached skill level 11 in Conjurations
 10979 | D:8      | Learned a level 4 spell: Force Lance
 10990 | D:8      | Found Zisyesef's Antique Armour Boutique.
 10996 | D:8      | Bought a heavily jewelled robe for 125 gold pieces
 11006 | D:8      | Identified the cursed +0 robe of Activism {+Fly rC+ rCorr} (You bought it in a shop on level 8 of the Dungeon)
 11140 | D:8      | Reached ** piety under Vehumet
 11140 | D:8      | Offered knowledge of Throw Frost by Vehumet.
 11173 | D:8      | Found Gituolai's Gadget Boutique.
 11301 | D:8      | Found a staircase to the Lair.
 11341 | D:8      | Found Vikkisom's Antique Weapon Boutique.
 11539 | D:8      | Found a runed door.
 11540 | D:8      | Found a runed door.
 11540 | D:8      | Noticed a cyclops
 11556 | D:8      | Killed a cyclops
 11556 | D:8      | Reached skill level 5 in Spellcasting
 11758 | D:8      | Reached skill level 12 in Conjurations
 11995 | D:8      | Found a runed door.
 12059 | D:8      | Noticed a brown ugly thing
 12077 | D:8      | Splashed by a brown ugly thing's acid

Vault maps used:
D:1:      wheals_arrival_shading
D:2:      minmay_diamond_boxcup
D:4:      serial_shops, kennysheep_mini_moat,
          nicolae_ossuary_entry_false_entrances, kennysheep_generic_room_16
D:5:      first_bread, uniq_blork_the_orc
D:6:      minmay_temple_entry_fiery, cheibrodos_sewer_entry_drain, serial_shops,
          nicolae_shop_stone, fedhas_altar_1
D:7:      nicolae_qazlal_style_of_elements, grunt_ogre_cave
D:8:      minmay_the_grid_triangle_9x9_rhombus_full, lair_entry_dummy,
          serial_shops, nicolae_shop_competitors_out_of_business, shop,
          shop_fountains, shop, basic_altar
Temple:   nicolae_temple_the_god_donut
Sewer:    sewer_frog_island_01
Ossuary:  ossuary_tomb_1

Skill      XL: |  1  2  3  4  5  6  7  8  9 10 |
---------------+-------------------------------+-----
Conjurations   | 6 7 10 12 | 12.4
Dodging        | 3 4 5 7 8 |  8.5
Spellcasting   | 4 5 |  5.7
Hexes          | 2 4 |  4.0
Fighting       | 1 5 6 |  6.7
Stealth        | |  2.2

Action                   |  1- 3 |  4- 6 |  7- 9 | 10-12 || total
-------------------------+-------+-------+-------+-------++-------
Melee: Unarmed           |     1 |       |       |       ||     1
       Dagger            |    32 |   135 |   133 |    64 ||   364
       Kick              |     6 |    31 |    30 |    14 ||    81
       Peck              |     3 |    15 |    11 |     8 ||    37
       Double sword      |       |       |    20 |     5 ||    25
 Cast: Magic Dart        |    28 |    51 |    86 |    49 ||   214
       Searing Ray       |     3 |    14 |    34 |    15 ||    66
       Iskenderun's Myst |       |     8 |    35 |    12 ||    55
       Fulminant Prism   |       |       |    14 |    14 ||    28
       Force Lance       |       |       |       |     2 ||     2
 Abil: Fly               |       |     6 |     4 |       ||    10
Evoke: Wand              |       |     5 |       |       ||     5
  Use: Potion            |     4 |       |       |       ||     4
       Scroll            |       |     7 |     4 |     3 ||    14
 Stab: Distracted        |     1 |       |       |     1 ||     2
       Sleeping          |     9 |     4 |     2 |     1 ||    16
       Invisible         |     1 |       |       |       ||     1
  Eat: Chunk             |     1 |     9 |    15 |     3 ||    28
       Bread ration      |       |     1 |     4 |     1 ||     6
       Fruit             |       |       |       |     1 ||     1
Armor: Robe              |    11 |    27 |     1 |       ||    39
       Leather armour    |       |       |    45 |    34 ||    79
Dodge: Dodged            |    38 |   132 |   190 |    74 ||   434
       Rpst.: Double sword |       |       |     3 |     4 ||     7

Table legend:
 A = Spawn XP
 B = Non-spawn XP
 C = Spawn XP percentage of total XP
 D = Spawn monster count
 E = Non-spawn monster count
 F = Spawn count percentage of total count
 G = Total turns spent on level
                    A         B        C        D         E        F      G
               +---------+---------+-------+---------+---------+-------+---------
         Total |       0 |    8142 |   0.0 |       0 |     270 |   0.0 | 12077
               +---------+---------+-------+---------+---------+-------+---------
           D:1 |       0 |      34 |   0.0 |       0 |      16 |   0.0 |   749
           D:2 |       0 |     170 |   0.0 |       0 |      28 |   0.0 |  1110
           D:3 |       0 |     108 |   0.0 |       0 |      23 |   0.0 |  1043
           D:4 |       0 |     285 |   0.0 |       0 |      12 |   0.0 |  1490
           D:5 |       0 |     494 |   0.0 |       0 |      14 |   0.0 |  1622
           D:6 |       0 |    1252 |   0.0 |       0 |      30 |   0.0 |  1345
           D:7 |       0 |    1285 |   0.0 |       0 |      33 |   0.0 |  1475
           D:8 |       0 |    4142 |   0.0 |       0 |      69 |   0.0 |  2049
         Sewer |       0 |     242 |   0.0 |       0 |      18 |   0.0 |   537
       Ossuary |       0 |     130 |   0.0 |       0 |      27 |   0.0 |   402
               +---------+---------+-------+---------+---------+-------+---------
